 Dungeon Crawl Stone Soup version 0.14-a0-1313-gb2df4ef (webtiles) character file.

3721 Daniel the Basher (level 9, -6/87 HPs)
             Began as a Deep Dwarf Fighter on Dec 5, 2013.
             Was a Believer of Makhleb.
             Killed by divine providence
             ... invoked by an orc priest
              (9 damage)
             ... on Level 9 of the Dungeon.
             The game lasted 00:19:16 (3080 turns).

Daniel the Basher (Deep Dwarf Fighter)              Turns: 3080, Time: 00:19:16

HP  -6/87        AC 11     Str 23      XL: 9   Next: 83%
MP  16/16        EV  6     Int  9      God: Makhleb [**....]
Gold 170         SH 21     Dex 10 (12) Spells:  0 memorised,  8 levels left

rFire  . . .     SeeInvis .     o - +1,+4 hammer
rCold  . . .     Clarity  .     b - +0 dwarf scale mail
rNeg   . . .     Conserve .     c - +0 dwarf shield
rPois  .         rCorr    +     E - +1 elf wizard hat
rElec  .         rRot     .     j - +0 cloak
SustAb . .       Spirit   .     (no gloves)
rMut   .         Warding  .     (no boots)
Saprov . . .     Stasis   .     A - amulet of resist corrosion
                                G - ring of protection from magic
                                e - cursed ring of flight

@: non-regenerating, very resistant to hostile enchantments, extremely
unstealthy
A: damage resistance, recharge devices, molten scales 1, deterioration 1, sense
surroundings 2, slow healing 3
a: Device Recharging, Minor Destruction, Renounce Religion, Evoke Flight


You were on level 9 of the Dungeon.
You worshipped Makhleb.
Makhleb was pleased with you.
You were not hungry.

You visited 2 branches of the dungeon, and saw 10 of its levels.

You collected 190 gold pieces.
You spent 20 gold pieces at shops.

Inventory:

Hand weapons
 a - a +0,+0 dwarven mace
 o - a +1,+4 hammer (weapon)
 r - a +0 orcish blowgun
 y - a +2,+2 whip of freezing
Missiles
 w - 10 poisoned needles
Armour
 b - a +0 dwarven scale mail (worn)
 c - a +0 dwarven shield (worn)
 j - a +0 cloak (worn)
 E - a +1 elven wizard hat (worn)
Magical devices
 d - a wand of heal wounds (0)
Comestibles
 f - 4 bread rations
 h - 2 meat rations
 i - 2 chunks of yak flesh
 q - 15 strawberries
 z - an apricot
 B - a cheese
 D - an apple
Scrolls
 g - 4 scrolls of remove curse
 k - a scroll of amnesia {unknown}
 l - 2 scrolls of curse jewellery
 m - a scroll of enchant weapon I {unknown}
 n - 2 scrolls of random uselessness {unknown}
 p - a scroll of blinking {unknown}
 t - 2 scrolls of enchant armour {unknown}
 u - 2 scrolls of magic mapping {unknown}
 F - 3 scrolls of noise {unknown}
Jewellery
 e - a cursed ring of flight (left hand)
 A - an amulet of resist corrosion (around neck)
 G - a ring of protection from magic (right hand)
Potions
 s - a potion of lignification
 v - a potion of invisibility
 x - 2 potions of curing {unknown}
 C - a potion of magic {unknown}
 H - 2 potions of cure mutation


   Skills:
 + Level 7.7 Fighting
 * Level 11.0 Maces & Flails
 - Level 3.2 Armour
 - Level 3.2 Shields
 + Level 5.6 Invocations


You had 8 spell levels left.
You didn't know any spells.

Dungeon Overview and Level Annotations

Branches:
Dungeon (9/16)             Temple (1/1) D:4
    Orc: D:9-12        Lair: D:8-11

Altars:
Ashenzari
Cheibriados
Fedhas
Kikubaaqudgha
Makhleb
Okawaru
Sif Muna
Vehumet
Xom
Yredelemnul
Zin
the Shining One

Shops:
D:4 %?([


Innate Abilities, Weirdness & Mutations

You are resistant to damage.
You can recharge devices by infusing magical energy.
You passively map the area around you.
You do not heal naturally.
You are partially covered in molten scales (AC +1).
Your body is slowly deteriorating.


Message History

You can't eat that!
Unknown command.
Found an iron altar of Okawaru.
A crimson imp comes into view.
An orc, 2 orc priests and an orc wizard come into view.
The crimson imp shouts!
The orc shouts!
The orc priest shouts!
The orc priest shouts!
The orc priest mumbles some strange prayers to Beogh against you.
Something smites you!
* * * LOW HITPOINT WARNING * * *
The orc priest calls down the wrath of Beogh upon you.
Something smites you!
* * * LOW HITPOINT WARNING * * *
An orc wizard comes into view. It is wielding an orcish dagger.
The orc wizard points at you and mumbles some strange words.
The magic dart hits you!
* * * LOW HITPOINT WARNING * * *
The orc priest calls down the wrath of Beogh upon you.
Something smites you!
You die...

▒∙∙▒ ▒∙∙▒ ▒∙o▒ ░ ▒∙∙▒
▒∙∙▒ ▒∙∙▒ · ░ ▒∙∙▒ ▒∙∙▒
▒∙o▒ ░ ▒∙∙▒ ▒∙∙▒ ▒oo▒ ░
▒∙∙▒ ▒∙∙▒ ▒o∙▒ · ▒∙∙▒
▒∙∙▒ ▒∙∙▒
▒▒▒∙∙▒▒▒▒∙∙▒▒▒▒∙∙▒▒▒▒▒∙∙


∙∙∙∙∙∙∙∙∙∙∙∙∙∙∙∙∙∙∙∙∙∙∙∙∙ ·· ∙∙∙∙∙∙∙∙∙∙∙∙∙∙∙∙@∙∙∙▄∙∙∙∙ ∙∙▒▒▒▒∙∙▒▒▒▒∙∙▒▒▒▒∙∙▒▒▒▒▒
·· ·· ░ ∙∙▒ ▒∙∙▒ ▒∙∙▒ ·∙▒ ░ · · ∙∙▒ ▒∙∙▒ ▒∙∙▒ ·▒ ░ ∙∙▒ ▒∙∙▒ ▒∙∙▒ ░ ·░ · · ∙∙∙
∙∙∙∙ ∙∙∙∙ · · ∙∙∙∙∙∙∙∙∙∙∙∙∙∙∙∙ ···· · ▒▒▒▒∙∙▒▒▒▒▒▒▒5∙▒ ░ ░░ ░░░░░ ░ ▒∙∙░ You
could see 2 orc priests, 2 orc wizards and an orc.

Vanquished Creatures
  Pikel (D:7)
  A troll (D:9)
  3 yaks (D:9)
  A hill giant zombie (D:8)
  2 hippogriffs
  A hungry ghost (D:9)
  A manticore (D:8)
  A sky beast (D:9)
  A phantom (D:9)
  A yellow wasp (D:7)
  A centaur (D:9)
  3 ogres
  A water moccasin (D:9)
  3 giant frogs
  4 wights (D:9)
  2 crimson imps
  A quasit (D:7)
  5 hounds
  2 scorpions
  Crazy Yiuf (D:7)
  2 orc priests
  3 orc wizards
  5 worker ants
  5 adders
  An adder skeleton (D:4)
  2 giant geckos
  An ooze (D:4)
  10 orcs
  A bat skeleton (D:7)
  10 hobgoblins
  6 jackals
  7 kobolds
  A quokka (D:7)
  7 bats
  A giant cockroach (D:1)
  3 goblins
  6 rats
107 creatures vanquished.

Vanquished Creatures (others)
  A hippogriff (D:7)
  4 slaves
  A centaur (D:9)
  A worm (D:7)
  An orc (D:9)
8 creatures vanquished.

Grand Total: 115 creatures vanquished

Notes
Turn   | Place    | Note
--------------------------------------------------------------
     0 | D:1      | Daniel, the Deep Dwarf Fighter, began the quest for the Orb.
     0 | D:1      | Reached XP level 1. HP: 20/20 MP: 1/1
   178 | D:1      | Reached XP level 2. HP: 26/28 MP: 2/2
   341 | D:2      | Reached XP level 3. HP: 27/34 MP: 3/3
   428 | D:3      | Found a snail-covered altar of Cheibriados.
   428 | D:3      | Found a basalt altar of Yredelemnul.
   515 | D:4      | Found a staircase to the Ecumenical Temple.
   522 | Temple   | Entered the Ecumenical Temple
   558 | Temple   | Became a worshipper of Makhleb the Destroyer
   590 | D:4      | Reached XP level 4. HP: 13/42 MP: 4/4
   674 | D:4      | Reached skill level 4 in Maces & Flails
   690 | D:4      | Reached XP level 5. HP: 25/50 MP: 5/5
   721 | D:4      | Found Qaontoro's Food Emporium.
   753 | D:4      | Found Tuecoef's Magic Scroll Emporium.
   762 | D:4      | Bought a scroll of identify for 20 gold pieces
   946 | D:4      | Found Hitzusk's Weapon Emporium.
  1064 | D:4      | Found Onlarygoku's Antique Armour Emporium.
  1111 | D:5      | Entered Level 5 of the Dungeon
  1111 | D:5      | Found a shimmering altar of Xom.
  1245 | D:5      | Reached skill level 5 in Maces & Flails
  1288 | D:6      | Reached XP level 6. HP: 31/58 MP: 6/6
  1395 | D:6      | Noticed a phantom
  1426 | D:7      | Acquired Makhleb's first power
  1438 | D:7      | Paralysed by a yellow wasp for 1 turns
  1561 | D:7      | Reached skill level 6 in Maces & Flails
  1631 | D:7      | Noticed Crazy Yiuf
  1638 | D:7      | Killed Crazy Yiuf
  1638 | D:7      | Reached XP level 7. HP: 47/66 MP: 7/7
  1740 | D:7      | Reached skill level 5 in Fighting
  1818 | D:7      | Noticed Pikel
  1904 | D:7      | Killed Pikel
  1904 | D:7      | Reached skill level 8 in Maces & Flails
  1904 | D:7      | Reached XP level 8. HP: 48/76 MP: 8/8
  2033 | D:7      | Found an ancient bone altar of Kikubaaqudgha.
  2153 | D:8      | Found a shattered altar of Ashenzari.
  2275 | D:8      | Acquired Makhleb's second power
  2287 | D:8      | Reached skill level 9 in Maces & Flails
  2318 | D:8      | Reached skill level 1 in Invocations
  2468 | D:8      | Gained mutation: You passively map the area around you. [level up]
  2468 | D:8      | Reached XP level 9. HP: 18/85 MP: 9/11
  2574 | D:9      | Found a blossoming altar of Fedhas.
  2672 | D:9      | Reached skill level 10 in Maces & Flails
  2949 | D:9      | Reached skill level 5 in Invocations
  3067 | D:9      | Reached skill level 11 in Maces & Flails
  3068 | D:9      | Gained mutation: Your body is slowly deteriorating. [mutagenic meat]
  3069 | D:9      | Gained mutation: You are partially covered in molten scales (AC +1). [mutagenic meat]
  3076 | D:9      | Found an iron altar of Okawaru.
  3080 | D:9      | HP: 3/87 [orc wizard/magic dart (5)]
  3080 | D:9      | Killed from afar by an orc priest

Action                   |  1- 3 |  4- 6 |  7- 9 || total
-------------------------+-------+-------+-------++-------
Melee: Mace              |   108 |   147 |       ||   255
       Hammer            |       |       |   125 ||   125
       Whip              |       |       |   244 ||   244
 Fire: Blowgun           |       |       |     2 ||     2
Invok: Minor Destruction |       |       |     6 ||     6
 Abil: Device Recharging |       |       |     1 ||     1
Evoke: Wand              |     1 |     3 |     6 ||    10
  Use: Potion            |       |     5 |       ||     5
       Scroll            |       |     2 |     6 ||     8
